3AAA
SALT LAKE CITY BUZZ @ PORT ROYAL DISASTER
06/18/2024
 
TOP OF THE 1ST
Salt Lake City Buzz batting - Pitching for Port Royal Disaster : RHP Artie Horton
Pitching: RHP Artie Horton
Batting: RHB Roberto Ríos 0-0: Ball
1-0: Swinging Strike
1-1: Swinging Strike
1-2: Strikes out swinging
Batting: RHB Andrew Hall 0-0: Ground out 4-3 (Groundball, 4)
Batting: SHB Wayne Saunders 0-0: Ball
1-0: Ball
2-0: Ball
3-0: Base on Balls
Batting: RHB Gustavo Berrios 0-0: SINGLE (Line Drive, 9LS)
Wayne Saunders to second
Batting: LHB Ramón Félix 0-0: Called Strike
0-1: SINGLE (Groundball, 56D)
Wayne Saunders to third
Gustavo Berrios to second
Batting: LHB Ángel Aguilar 0-0: Ball
1-0: DOUBLE (Line Drive, 7D)
Wayne Saunders scores
Gustavo Berrios scores
Ramón Félix to third
Batting: RHB Patrick Clark 0-0: Ball
1-0: Ball
2-0: Ball
3-0: Called Strike
3-1: Fly out, F3 (Popup, 3SF)
Top of the 1st over - 2 run(s), 3 hit(s), 0 error(s), 2 left on base; Salt Lake City 2 - Port Royal 0
BOTTOM OF THE 1ST
Port Royal Disaster batting - Pitching for Salt Lake City Buzz : RHP Bartolo Medina
Pitching: RHP Bartolo Medina
Batting: RHB David Gómez 0-0: Swinging Strike
0-1: Ball
1-1: Foul Ball, location: 2F
1-2: Foul Ball, location: 2F
1-2: Ball
2-2: Foul Ball, location: 2F
2-2: Ball
3-2: Base on Balls
Batting: SHB Arsenio Sameiro 0-0: Fly out, F3 (Line Drive, 3S)
0-0: Lined into DP, U3 (Line Drive, 3S)
Batting: RHB Juan Ávila 0-0: Called Strike
0-1: Reached on error, E5 (Groundball, 56)
Batting: RHB Toshitsugu Sakamoto 0-0: Ball
Passed Ball!
Juan Ávila to third
1-0: Called Strike
1-1: Ball
2-1: DOUBLE (Flyball, 8LD)
Juan Ávila scores
Batting: RHB Ronnie Cleveland 0-0: Ball
1-0: Ball
2-0: Ball
3-0: Base on Balls
Batting: LHB Frank Wentworth 0-0: Called Strike
0-1: Fly out, F9 (Line Drive, 89M)
Bottom of the 1st over - 1 run(s), 1 hit(s), 1 error(s), 2 left on base; Salt Lake City 2 - Port Royal 1
TOP OF THE 2ND
Salt Lake City Buzz batting - Pitching for Port Royal Disaster : RHP Artie Horton
Batting: RHB Carlos López 0-0: Ball
1-0: Foul Ball, location: 2F
1-1: Foul Ball, location: 2F
1-2: Ball
2-2: Strikes out swinging
Batting: SHB Shelby Reusch 0-0: Called Strike
0-1: Ball
1-1: Swinging Strike
1-2: Foul Ball, location: 2F
1-2: Ball
2-2: Fly out, F9 (Flyball, 89M)
Batting: RHB Roberto Ríos 0-0: Called Strike
0-1: Hit by Pitch
Batting: RHB Andrew Hall 0-0: Swinging Strike
0-1: Called Strike
0-2: Ball
1-2: Ball
2-2: Foul Ball, location: 2F
2-2: Fly out, F5 (Popup, 25F)
Top of the 2nd over - 0 run(s), 0 hit(s), 0 error(s), 1 left on base; Salt Lake City 2 - Port Royal 1
BOTTOM OF THE 2ND
Port Royal Disaster batting - Pitching for Salt Lake City Buzz : RHP Bartolo Medina
Batting: SHB Tim Moss 0-0: Ball
1-0: Called Strike
1-1: Ball
2-1: Ground out 3-1 (Groundball, 34)
Batting: RHB Brandon Cooper 0-0: Called Strike
0-1: Ball
1-1: Foul Ball, location: 2F
1-2: Ground out 6-3 (Groundball, 6)
Batting: RHB Mark O'Monaghan 0-0: Ball
1-0: Ball
2-0: Foul Ball, location: 2F
2-1: Foul Ball, location: 2F
2-2: DOUBLE (Flyball, 8RD)
Batting: RHB David Gómez 0-0: Fly out, F9 (Flyball, 9D)
Bottom of the 2nd over - 0 run(s), 1 hit(s), 0 error(s), 1 left on base; Salt Lake City 2 - Port Royal 1
TOP OF THE 3RD
Salt Lake City Buzz batting - Pitching for Port Royal Disaster : RHP Artie Horton
Batting: SHB Wayne Saunders 0-0: Ball
1-0: Ball
2-0: Called Strike
2-1: Ball
3-1: Foul Ball, location: 2F
3-2: Fly out, F7 (Flyball, 7M)
Batting: RHB Gustavo Berrios 0-0: Fly out, F9 (Flyball, 89S)
Batting: LHB Ramón Félix 0-0: Ball
1-0: Ball
2-0: Ball
3-0: Base on Balls
Batting: LHB Ángel Aguilar 0-0: Ball
1-0: Ball
2-0: Called Strike
2-1: Ball
3-1: Base on Balls
Ramón Félix to second
Batting: RHB Patrick Clark 0-0: Ball
1-0: Foul Ball, location: 2F
1-1: Foul Ball, location: 2F
1-2: Foul Ball, location: 2F
1-2: Ball
2-2: Ball
3-2: Base on Balls
Ramón Félix to third
Ángel Aguilar to second
Batting: RHB Carlos López 0-0: Ball
1-0: Called Strike
1-1: Fielders Choice at 2nd, U6 (Groundball, 6M)
Top of the 3rd over - 0 run(s), 0 hit(s), 0 error(s), 3 left on base; Salt Lake City 2 - Port Royal 1
BOTTOM OF THE 3RD
Port Royal Disaster batting - Pitching for Salt Lake City Buzz : RHP Bartolo Medina
Batting: SHB Arsenio Sameiro 0-0: Ball
1-0: Foul Ball, location: 2F
1-1: Ball
2-1: Ball
3-1: Base on Balls
Batting: RHB Juan Ávila 0-0: Ball
1-0: Grounds into double play, 6-4-3 (Groundball, 6)
Batting: RHB Toshitsugu Sakamoto 0-0: Ball
1-0: Ball
2-0: Called Strike
2-1: Fly out, F6 (Line Drive, 6)
Bottom of the 3rd over - 0 run(s), 0 hit(s), 0 error(s), 0 left on base; Salt Lake City 2 - Port Royal 1
TOP OF THE 4TH
Salt Lake City Buzz batting - Pitching for Port Royal Disaster : RHP Artie Horton
Batting: SHB Shelby Reusch 0-0: Ball
1-0: Ball
2-0: Called Strike
2-1: Ball
3-1: Foul Ball, location: 2F
3-2: Strikes out swinging
Batting: RHB Roberto Ríos 0-0: Called Strike
0-1: Ball
1-1: Swinging Strike
1-2: Fly out, F6 (Popup, 6D)
Batting: RHB Andrew Hall 0-0: Ball
1-0: SINGLE (Line Drive, 8LM)
Batting: SHB Wayne Saunders 0-0: Swinging Strike
0-1: Ball
1-1: Fly out, F5 (Popup, 5F)
Top of the 4th over - 0 run(s), 1 hit(s), 0 error(s), 1 left on base; Salt Lake City 2 - Port Royal 1
BOTTOM OF THE 4TH
Port Royal Disaster batting - Pitching for Salt Lake City Buzz : RHP Bartolo Medina
Batting: RHB Ronnie Cleveland 0-0: Ball
1-0: Ball
2-0: Ball
3-0: Called Strike
3-1: Base on Balls
Batting: LHB Frank Wentworth 0-0: Ball
1-0: Grounds into double play, 1-4-3 (Groundball, 25)
Batting: SHB Tim Moss 0-0: Ball
1-0: Ball
2-0: Called Strike
2-1: SINGLE (Groundball, 3S)
Batting: RHB Brandon Cooper Pickoff Throw to First - Error! E1
Tim Moss to second
0-0: Ball
1-0: Ball
2-0: Ground out 6-3 (Groundball, 6)
Bottom of the 4th over - 0 run(s), 1 hit(s), 1 error(s), 1 left on base; Salt Lake City 2 - Port Royal 1
TOP OF THE 5TH
Salt Lake City Buzz batting - Pitching for Port Royal Disaster : RHP Artie Horton
Batting: RHB Gustavo Berrios 0-0: Ball
1-0: Called Strike
1-1: Foul Ball, location: 2F
1-2: Ball
2-2: Ball
3-2: Fly out, F2 (Popup, 2RF)
Batting: LHB Ramón Félix 0-0: Called Strike
0-1: Swinging Strike
0-2: TRIPLE (Flyball, 9LM)
Batting: LHB Ángel Aguilar 0-0: Fly out, F5 (Popup, 5DF)
Batting: RHB Patrick Clark 0-0: Called Strike
0-1: SINGLE (Line Drive, 89S)
Ramón Félix scores
Batting: RHB Carlos López 0-0: Fly out, F7 (Flyball, 7M)
Top of the 5th over - 1 run(s), 2 hit(s), 0 error(s), 1 left on base; Salt Lake City 3 - Port Royal 1
BOTTOM OF THE 5TH
Port Royal Disaster batting - Pitching for Salt Lake City Buzz : RHP Bartolo Medina
Batting: RHB Mark O'Monaghan 0-0: Ball
1-0: Fly out, F9 (Flyball, 9LD)
Batting: RHB David Gómez 0-0: Ball
1-0: Called Strike
1-1: Swinging Strike
1-2: Foul Ball, location: 2F
1-2: Ball
2-2: SINGLE (Groundball, 34)
Batting: SHB Arsenio Sameiro 0-0: Foul Ball, location: 2F
0-1: Ball
1-1: Called Strike
1-2: Ball
2-2: Ball
3-2: 2-RUN HOME RUN (Line Drive, 9LD), Distance : 373 ft
Batting: RHB Juan Ávila 0-0: Foul Ball, location: 2F
0-1: Swinging Strike
0-2: Ball
1-2: Foul Ball, location: 2F
1-2: Foul Ball, location: 2F
1-2: Foul Ball, location: 2F
1-2: Hit by Pitch
Pitching: RHP Ramiro Lara
Batting: RHB Toshitsugu Sakamoto 0-0: Fly out, F7 (Flyball, 78M)
Batting: RHB Ronnie Cleveland 0-0: Called Strike
0-1: Ball
1-1: Called Strike
1-2: Ball
2-2: Foul Ball, location: 2F
2-2: Ball
3-2: SINGLE (Groundball, 6D)
Juan Ávila to second
Juan Ávila to third
Batting: LHB Frank Wentworth 0-0: Ball
1-0: Called Strike
1-1: SINGLE (Flyball, 78S)
Juan Ávila scores
Ronnie Cleveland to second
Batting: SHB Tim Moss 0-0: Ball
1-0: Ball
2-0: Foul Ball, location: 2F
2-1: Swinging Strike
2-2: Ball
3-2: Base on Balls
Ronnie Cleveland to third
Frank Wentworth to second
Batting: RHB Brandon Cooper 0-0: Foul Ball, location: 2F
0-1: Ball
1-1: Foul Ball, location: 2F
1-2: Strikes out looking
Bottom of the 5th over - 3 run(s), 4 hit(s), 0 error(s), 3 left on base; Salt Lake City 3 - Port Royal 4
TOP OF THE 6TH
Salt Lake City Buzz batting - Pitching for Port Royal Disaster : RHP Artie Horton
Batting: SHB Shelby Reusch 0-0: Foul Ball, location: 2F
0-1: Foul Ball, location: 2F
0-2: Ball
1-2: Strikes out swinging
Batting: RHB Roberto Ríos 0-0: Foul Ball, location: 2F
0-1: Called Strike
0-2: Strikes out swinging
Batting: RHB Andrew Hall 0-0: Called Strike
0-1: Ball
1-1: Swinging Strike
1-2: Strikes out swinging
Top of the 6th over - 0 run(s), 0 hit(s), 0 error(s), 0 left on base; Salt Lake City 3 - Port Royal 4
BOTTOM OF THE 6TH
Port Royal Disaster batting - Pitching for Salt Lake City Buzz : RHP Ramiro Lara
Batting: RHB Mark O'Monaghan 0-0: Ball
1-0: Ball
2-0: Ball
3-0: Called Strike
3-1: Base on Balls
Batting: RHB David Gómez 0-0: Ball
1-0: Ball
2-0: Bunted foul
2-1: Sac Bunt - play at first, batter OUT! 1-4
Mark O'Monaghan to second
Batting: SHB Arsenio Sameiro 0-0: Ball
1-0: Ball
2-0: Ball
3-0: Base on Balls
Batting: RHB Juan Ávila 0-0: Ball
1-0: Ball
2-0: Called Strike
2-1: Ball
3-1: Base on Balls
Mark O'Monaghan to third
Arsenio Sameiro to second
Batting: RHB Toshitsugu Sakamoto 0-0: Called Strike
0-1: Swinging Strike
0-2: Foul Ball, location: 2F
0-2: Strikes out looking
Batting: RHB Ronnie Cleveland 0-0: Foul Ball, location: 2F
0-1: Swinging Strike
0-2: Ball
1-2: Foul Ball, location: 2F
1-2: SINGLE (Groundball, 6D)
Mark O'Monaghan scores
Arsenio Sameiro to third
Juan Ávila to second
Runner from 3rd tries for Home, SAFE, no throw or cutoff
Pitching: RHP Javier Díaz
Batting: LHB Frank Wentworth 0-0: Ball
1-0: Called Strike
1-1: SINGLE (Groundball, 34D)
Juan Ávila to third
Ronnie Cleveland to second
Batting: SHB Tim Moss 0-0: Called Strike
0-1: Ball
1-1: Ball
2-1: Ground out 4-3 (Groundball, 4)
Bottom of the 6th over - 2 run(s), 2 hit(s), 0 error(s), 3 left on base; Salt Lake City 3 - Port Royal 6
TOP OF THE 7TH
Salt Lake City Buzz batting - Pitching for Port Royal Disaster : RHP Artie Horton
Pitching: LHP António Venegas
Batting: SHB Wayne Saunders 0-0: SINGLE (Flyball, 7M)
Batting: RHB Gustavo Berrios 0-0: Ball
1-0: Called Strike
1-1: Ball
2-1: Swinging Strike
2-2: Foul Ball, location: 2F
2-2: SINGLE (Line Drive, 4D)
Wayne Saunders to second
Batting: LHB Ramón Félix 0-0: DOUBLE (Line Drive, 9LM)
Wayne Saunders scores
Gustavo Berrios to third
Pinch Hitting: RHB Alan Rosales 0-0: Called Strike
0-1: Foul Ball, location: 2F
0-2: Foul Ball, location: 2F
0-2: Ball
1-2: Ball
2-2: Ball
3-2: Foul Ball, location: 2F
3-2: SINGLE (Line Drive, 89M)
Gustavo Berrios scores
Ramón Félix to third
Batting: RHB Patrick Clark 0-0: Swinging Strike
0-1: DOUBLE (Line Drive, 7LD)
Ramón Félix scores
Alan Rosales to third
Pitching: LHP Aukukero Mincarlie Jr.
Batting: RHB Carlos López 0-0: Ball
1-0: Called Strike
1-1: Ground out 6-3 (Groundball, 6)
Batting: SHB Shelby Reusch 0-0: Called Strike
0-1: Fly out, F7 (Flyball, 7D)
Runner from 3rd tags up, SCORES, no throw
Batting: RHB Roberto Ríos 0-0: Foul Ball, location: 2F
0-1: Foul Ball, location: 2F
0-2: Fly out, F9 (Flyball, 9D)
Top of the 7th over - 4 run(s), 5 hit(s), 0 error(s), 1 left on base; Salt Lake City 7 - Port Royal 6
BOTTOM OF THE 7TH
Port Royal Disaster batting - Pitching for Salt Lake City Buzz : RHP Javier Díaz
Now in RF: Alan Rosales
Batting: RHB Brandon Cooper 0-0: Called Strike
0-1: Foul Ball, location: 2F
0-2: Ball
1-2: Strikes out looking
Batting: RHB Mark O'Monaghan 0-0: Ground out 6-3 (Groundball, 6M)
Batting: RHB David Gómez 0-0: Foul Ball, location: 2F
0-1: Ball
1-1: Foul Ball, location: 2F
1-2: Strikes out swinging
Bottom of the 7th over - 0 run(s), 0 hit(s), 0 error(s), 0 left on base; Salt Lake City 7 - Port Royal 6
TOP OF THE 8TH
Salt Lake City Buzz batting - Pitching for Port Royal Disaster : LHP Aukukero Mincarlie Jr.
Batting: RHB Andrew Hall 0-0: Ball
1-0: Called Strike
1-1: Foul Ball, location: 2F
1-2: Fly out, F4 (Popup, 34D)
Batting: SHB Wayne Saunders 0-0: Foul Ball, location: 2F
0-1: Ball
1-1: Ball
2-1: Ground out 6-3 (Groundball, 6)
Batting: RHB Gustavo Berrios 0-0: Ball
1-0: SOLO HOME RUN (Flyball, 7LD), Distance : 347 ft
Batting: LHB Ramón Félix 0-0: SINGLE (Groundball, 34D)
Batting: RHB Alan Rosales 0-0: Ball
1-0: Ball
2-0: Ground out 6-3 (Groundball, 6)
Top of the 8th over - 1 run(s), 2 hit(s), 0 error(s), 1 left on base; Salt Lake City 8 - Port Royal 6
BOTTOM OF THE 8TH
Port Royal Disaster batting - Pitching for Salt Lake City Buzz : RHP Javier Díaz
Now at 3B: Valentín Salas
Batting: SHB Arsenio Sameiro 0-0: Called Strike
0-1: Fly out, F9 (Flyball, 89M)
Batting: RHB Juan Ávila 0-0: Ball
1-0: Foul Ball, location: 2F
1-1: Ball
2-1: Called Strike
2-2: Fly out, F7 (Flyball, 7S)
Batting: RHB Toshitsugu Sakamoto 0-0: Foul Ball, location: 2F
0-1: Ball
1-1: Foul Ball, location: 2F
1-2: Ground out 2-3 (Groundball, 2L)
Bottom of the 8th over - 0 run(s), 0 hit(s), 0 error(s), 0 left on base; Salt Lake City 8 - Port Royal 6
TOP OF THE 9TH
Salt Lake City Buzz batting - Pitching for Port Royal Disaster : LHP Aukukero Mincarlie Jr.
Pitching: RHP Jim Unknown
Batting: RHB Patrick Clark 0-0: Ball
1-0: Called Strike
1-1: Ball
2-1: Ball
3-1: Swinging Strike
3-2: Base on Balls
Batting: RHB Carlos López 0-0: Ball
1-0: Sac Bunt - play at first, batter OUT! 1-4
Patrick Clark to second
Batting: SHB Shelby Reusch 0-0: Called Strike
0-1: Ground out 6-3 (Groundball, 6)
Batting: RHB Roberto Ríos 0-0: Foul Ball, location: 2F
0-1: Ball
1-1: Ball
2-1: Ball
3-1: Base on Balls
Batting: RHB Andrew Hall 0-0: Fielders Choice at 2nd, 6-4 (Groundball, 6)
Top of the 9th over - 0 run(s), 0 hit(s), 0 error(s), 1 left on base; Salt Lake City 8 - Port Royal 6
BOTTOM OF THE 9TH
Port Royal Disaster batting - Pitching for Salt Lake City Buzz : RHP Javier Díaz
Pitching: RHP Folkert van Huizen
Now in CF: Juan Martínez
Batting: RHB Ronnie Cleveland 0-0: Ball
1-0: Swinging Strike
1-1: Called Strike
1-2: Ball
2-2: Strikes out looking
Batting: LHB Frank Wentworth 0-0: Called Strike
0-1: Ball
1-1: Ball
2-1: Ground out 4-3 (Groundball, 13)
Batting: SHB Tim Moss 0-0: Foul Ball, location: 2F
0-1: Fly out, F9 (Flyball, 89S)
Bottom of the 9th over - 0 run(s), 0 hit(s), 0 error(s), 0 left on base; Salt Lake City 8 - Port Royal 6
This league is powered by Out of the Park Baseball, the baseball management simulation game for PC, Mac and Linux
Monday, October 3rd, 2016 - OOTP Baseball 16.9 Build 39